 Dungeon Crawl Stone Soup version 0.31-a0-133-gaae73658be (webtiles) character file.

Game seed: 13500808875817013255

1821 IdlyInterested the Fighter (level 8, -31/71 HPs)
             Began as a Demonspawn Wanderer on June 2, 2023.
             Annihilated by a white ugly thing (32 damage)
             ... on level 7 of the Dungeon.
             The game lasted 00:18:26 (5580 turns).

IdlyInterested the Fighter (Demonspawn Wanderer)    Turns: 5580, Time: 00:18:29

Health: -31/71     AC: 27    Str:  9 (11) XL:     8   Next: 85%
Magic:  0/12       EV:  7    Int: 12 (15) God:
Gold:   257        SH:  0    Dex: 14 (15) Spells: 12/13 levels left

rFire   . . .        a - +3 quarterstaff
rCold   . . .        (shield currently unavailable)
rNeg    . . .        w - +18 Lear's hauberk
rPois   +            (helmet currently unavailable)
rElec   .            (no cloak)
rCorr   .            (gloves currently unavailable)
SInv    .            (boots currently unavailable)
Will    .....        (no amulet) Stlth
                     y - ring of wizardry
HPRegen 0.31/turn    G - ring of poison resistance
MPRegen 0.26/turn

%: guardian spirit, wizardry (x1)
@: no status effects
A: hooves 1, magic shield, magic regeneration, sturdy frame 1
a: no special abilities


You were on level 7 of the Dungeon.
You visited 2 branches of the dungeon, and saw 8 of its levels.

You collected 257 gold pieces.

Inventory:

Hand Weapons
 a - a +3 quarterstaff (weapon)
 g - a +0 rapier
 i - a +0 war axe
 j - a +0 trident
 v - a +0 morningstar
 x - a +0 long sword
Missiles
 f - 43 stones
 u - 6 poisoned darts
 A - 2 boomerangs
 I - a throwing net
Armour
 d - a +0 robe
 h - a +0 leather armour
 m - a +0 scale mail
 o - a +0 plate armour
 q - a +0 chain mail
 s - a +0 helmet
 t - a +0 ring mail of poison resistance
 w - the +18 Lear's hauberk (worn)
   (You found it on level 6 of the Dungeon)
Jewellery
 y - a ring of wizardry (left hand)
 G - a ring of poison resistance (right hand)
Wands
 b - a wand of polymorph (16)
 C - a wand of flame (10)
Scrolls
 k - 9 scrolls of teleportation
 F - a scroll of immolation {unknown}
 H - 2 scrolls of fear {unknown}
Potions
 c - 2 potions of lignification
 e - a potion of brilliance
 l - 2 potions of mutation
 p - a potion of attraction
 r - a potion of cancellation
 z - a potion of berserk rage {unknown}
 D - a potion of degeneration
 E - a potion of ambrosia {unknown}


   Skills:
 * Level 9.5 Fighting
 - Level 1.7 Staves
 - Level 1.0 Throwing
 - Level 4.0 Armour
 - Level 2.0 Dodging
 - Level 1.0 Stealth
 + Level 3.0 Spellcasting
 - Level 3.6 Transmutations
 - Level 2.0 Evocations


You had 12 spell levels left.
You knew the following spells:

 Your Spells              Type           Power      Damage    Failure   Level
a - Sting                 Tmut/Pois      24%        1d4       58%         1

Your spell library contained the following spells:

 Spells                   Type           Power      Damage    Failure   Level
 Apportation              Tloc           2%         N/A       82%         1
 Poisonous Vapours        Pois/Air       2%         N/A       91%         2
 Ignite Poison            Fire/Tmut/Pois 4%         N/A       95%         3
 Leda's Liquefaction      Hex/Erth       0%         N/A       100%        4
 Olgreb's Toxic Radiance  Pois           1%         N/A       100%        4
 Alistair's Intoxication  Tmut/Pois      4%         N/A       100%        5
 Blade Hands              Tmut           5%         N/A       100%        5
 Irradiate                Conj/Tmut      3%         3d12      100%        5
 Iskenderun's Battlesphe  Conj           1%         2d6       100%        5
 Lee's Rapid Deconstruct  Erth           0%         3d4*      100%        5
 Leda's Unmaking          Conj/Erth      0%         9d1       100%        6
 Statue Form              Tmut/Erth      4%         N/A       100%        6
 Dragon Form              Tmut           5%         N/A       100%        7
 Spellforged Servitor     Conj/Summ      0%         N/A       100%        7


Dungeon Overview and Level Annotations

Branches:
Dungeon (7/15)             Temple (1/1) D:5

Altars:
Cheibriados
Dithmenos
Fedhas
Hepliaklqana
Kikubaaqudgha
Makhleb
Nemelex Xobeh
Sif Muna
Uskayaw
Yredelemnul

Shops:
D:1 =


Innate Abilities, Weirdness & Mutations

You have large cloven feet.
When hurt, damage is shared between your health and your magic reserves.
You regenerate magic rapidly.
Your movements are slightly less encumbered by armour. (ER -2)


Message History

The white ugly thing tail-slaps you but does no damage.
You barely miss the black bear. You kick the black bear.
The black bear is almost dead.
The black bear goes berserk!
The white ugly thing tail-slaps you but does no damage.
The black bear bites you but does no damage.
The black bear barely misses you. The black bear completely misses you.
You hit the black bear.
You kill the black bear!
The white ugly thing tail-slaps you but does no damage.
Training target 4.0 for Armour reached!
Your Armour skill increases to level 4!
You barely miss the white ugly thing.
The white ugly thing tail-slaps you but does no damage.
The white ugly thing barely misses you.
You hit the white ugly thing.
The white ugly thing is lightly wounded.
The white ugly thing tail-slaps you. The white ugly thing freezes you!!
You sock the white ugly thing! You kick the white ugly thing.
The white ugly thing is lightly wounded.
The white ugly thing tail-slaps you. The white ugly thing freezes you!!
* * * LOW HITPOINT WARNING * * *
You feel better. The white ugly thing barely misses you.
Okay, then.
Press: ? - help, v - describe, . - travel
Here: a white ugly thing (lightly wounded)
The floor, spattered with blood.
You sock the white ugly thing! You kick the white ugly thing.
The white ugly thing is moderately wounded.
The white ugly thing tail-slaps you!
* * * LOW HITPOINT WARNING * * *
The white ugly thing freezes you!!
* * * LOW HITPOINT WARNING * * *
It was a potion of degeneration.
There was something very wrong with that liquid.
You feel weakened.
You feel dopey.
You feel clumsy. The white ugly thing tail-slaps you.
* * * LOW HITPOINT WARNING * * *
The white ugly thing freezes you!!
You die...

...........#
...........#
...........#
.........?.#
...........##
..$.........#
########h#.(...
#u# ### #@# #†#
#.# #.. ### ###


You could see a white ugly thing and a hound.

Vanquished Creatures
  Grinder (D:5)
  Eustachio (D:5)
  Menkaure (D:5)
  2 black bears
  4 ogres
  2 bullfrogs
  3 scorpions
  2 orc priests (D:4)
  2 jellies
  A gnoll bouda (D:5)
  A hound (D:6)
  Jessica (D:3)
  3 iguanas
  3 orc wizards
  4 gnolls (D:5)
  8 adders
  A river rat (D:2)
  A worm (D:2)
  A dart slug (D:2)
  14 orcs
  6 ball pythons
  5 bats
  3 endoplasms
  4 giant cockroaches
  6 goblins
  5 hobgoblins
  6 jackals
  6 quokkas
  4 frilled lizards (D:2)
  8 kobolds
  3 rats
112 creatures vanquished.

Notes
Turn   | Place    | Note
-------+----------+-------------------------------------------
     0 | D:1      | IdlyInterested the Demonspawn Wanderer began the quest for
                  | the Orb.
     0 | D:1      | IdlyInterested set off with the following items: a +2
                  | quarterstaff, a wand of polymorph (4), a potion of
                  | lignification, a +0 robe; and the following spell
                  | memorised: Sting; and the following spells available to
                  | memorise: Ignite Poison.
     0 | D:1      | Reached XP level 1. HP: 13/13 MP: 3/3
    79 | D:1      | Reached skill level 1 in Fighting
    84 | D:1      | Gained mutation: Your movements are slightly less
                  | encumbered by armour. (ER -2) [demonic ancestry]
    84 | D:1      | Reached XP level 2. HP: 21/21 MP: 5/5
   318 | D:1      | Reached skill level 1 in Throwing
   323 | D:1      | Found Qigib's Jewellery Shop.
   638 | D:2      | Reached skill level 2 in Fighting
   674 | D:2      | Gained mutation: You have large cloven feet. [demonic
                  | ancestry]
   674 | D:2      | Reached XP level 3. HP: 26/27 MP: 6/6
   923 | D:2      | Noticed Terence
   924 | D:2      | Terence changed into Terence the river rat
   924 | D:2      | Noticed Terence
   936 | D:2      | Killed Terence the river rat
   937 | D:2      | Reached skill level 1 in Dodging
  1442 | D:2      | Gained mutation: You regenerate magic rapidly. [demonic
                  | ancestry]
  1442 | D:2      | Reached XP level 4. HP: 34/34 MP: 7/7
  1587 | D:2      | Reached skill level 3 in Fighting
  1680 | D:3      | Noticed Jessica
  1688 | D:3      | Killed Jessica
  1689 | D:3      | Reached skill level 1 in Armour
  2710 | D:4      | Gained mutation: When hurt, damage is shared between your
                  | health and your magic reserves. [demonic ancestry]
  2710 | D:4      | Reached XP level 5. HP: 6/42 MP: 8/8
  2713 | D:4      | Reached skill level 4 in Fighting
  2784 | D:4      | Noticed an ogre
  2920 | D:4      | Reached XP level 6. HP: 23/50 MP: 6/9
  3091 | D:4      | Reached skill level 5 in Fighting
  3479 | D:5      | Entered Level 5 of the Dungeon
  3479 | D:5      | Found a staircase to the Ecumenical Temple.
  3490 | Temple   | Entered the Ecumenical Temple
  3584 | D:5      | Noticed Grinder
  3584 | D:5      | Noticed Eustachio
  3642 | D:5      | Reached skill level 6 in Fighting
  3642 | D:5      | Reached XP level 7. HP: 54/58 MP: 8/10
  3668 | D:5      | Paralysed by Grinder for 3 turns
  3677 | D:5      | Paralysed by Grinder for 2 turns
  3683 | D:5      | Killed Grinder
  3701 | D:5      | Killed Eustachio
  3702 | D:5      | Reached skill level 7 in Fighting
  3945 | D:5      | Reached XP level 8. HP: 12/68 MP: 3/12
  3962 | D:5      | Noticed Menkaure
  3970 | D:5      | Killed Menkaure
  3971 | D:5      | Reached skill level 8 in Fighting
  4225 | D:5      | Noticed Ijyb
  4228 | D:5      | Ijyb changed into Ijyb the quokka
  4228 | D:5      | Noticed Ijyb
  4235 | D:5      | Killed Ijyb the quokka
  4585 | D:6      | Found the +18 Lear's hauberk
  4802 | D:6      | Found a hide-covered altar of Uskayaw.
  4960 | D:6      | Reached skill level 9 in Fighting
  5473 | D:7      | Found a blossoming altar of Fedhas.
  5568 | D:7      | Noticed a white ugly thing
  5579 | D:7      | HP: 2/71 [white ugly thing (19)]
  5580 | D:7      | Annihilated by a white ugly thing

Illustrated notes

Levels and vault maps discovered:
D:1:      wander_arrival_peaceful_grave, layout_loops_ring, serial_shops, shop
D:2:      layout_loops_ring, uniq_terence
D:3:      layout_basic, uniq_jessica
D:4:      layout_cave_pools
D:5:      layout_rooms, elyvilon_altar_5, minmay_temple_entry_stoned_glass,
          uniq_menkaure, uniq_ijyb, uniq_grinder, uniq_eustachio
D:6:      layout_loops_cross, old_standard_altar, serial_park_tiny_2
D:7:      layout_basic, mainiacjoe_overflow_catwalk_spiral, lemuel_round_altar,
          amcnicky_altar_gilded, minmay_manual_monstrance
Temple:   nicolae_temple_cloud_nine

Skill      XL: |  1  2  3  4  5  6  7  8 |
---------------+-------------------------+-----
Fighting       | 1 2 3 4 6 7 9 |  9.5
Throwing       | 1 |  1.0
Dodging        | 1 2 |  2.0
Armour         | 1 2 3 4 |  4.0
Spellcasting   | 3 |  3.0
Evocations     | 2 |  2.0
Staves         | |  1.7
Stealth        | |  1.0
Transmutations | |  3.6

Action                     |  1- 3 |  4- 6 |  7- 9 || total
---------------------------+-------+-------+-------++-------
  Melee: Quarterstaff      |    85 |   105 |   125 ||   315
         Kick              |     9 |    20 |    50 ||    79
         Unarmed           |       |       |    18 ||    18
  Throw: Stone             |       |     6 |     1 ||     7
         Boomerang         |       |       |     2 ||     2
   Cast: Sting             |     4 |    10 |    23 ||    37
  Evoke: Wand              |     1 |       |     2 ||     3
    Use: Scroll            |     2 |     4 |     4 ||    10
         Potion            |     1 |     1 |     3 ||     5
   Stab: Sleeping          |     2 |     1 |     1 ||     4
 Armour: Robe              |     7 |       |       ||     7
         Scale mail        |    21 |       |       ||    21
         Chain mail        |     9 |    20 |    57 ||    86
         Ring mail         |       |    30 |    19 ||    49
         Skin              |       |       |    65 ||    65
  Dodge: Dodged            |    31 |    57 |    74 ||   162

Table legend: (Time is in decaauts)
 A = Elapsed time spent in this place.
 B = Non-inter-level travel time spent in this place.
 C = Inter-level travel time spent in this place.
 D = Time resting spent in this place.
 E = Time spent auto-exploring this place.
 F = Levels seen in this place.
 G = Mean time per level.
                   A        B        C        D        E       F      G
               +--------+--------+--------+--------+--------+-----+--------+
         Total |   5630 |   4821 |    809 |    767 |   2731 |   8 |  703.8 |
       Dungeon |   5574 |   4765 |    809 |    767 |   2686 |   7 |  796.3 |
        Temple |     56 |     56 |      0 |      0 |     45 |   1 |   56.0 |
               +--------+--------+--------+--------+--------+-----+--------+

Top non-repeatable levels by time:
     D:3: 1212 daAuts
     D:2: 1081 daAuts
     D:5: 1042 daAuts
     D:6: 886 daAuts
     D:1: 711 daAuts
     D:4: 606 daAuts
  Temple: 56 daAuts
     D:7: 33 daAuts
